 Dungeon Crawl Stone Soup version 0.26-a0-18-g135ff06667 (webtiles) character file.

Game seed: 7762659483744734532, levelgen mode: deterministic

395 Nixze the Insei (level 6, 0/39 HPs)
             Began as an Octopode Transmuter on May 25, 2020.
             Slain by a phantom (1 damage)
             ... on level 5 of the Dungeon.
             The game lasted 00:12:45 (6232 turns).

Nixze the Insei (Octopode Transmuter)               Turns: 6232, Time: 00:12:46

Health: 0/39       AC:  1    Str: 10    XL:     6   Next: 82%
Magic:  5/9        EV: 14    Int: 15    God:
Gold:   159        SH:  0    Dex: 14    Spells: 3/9 levels left

rFire    . . .     SeeInvis .     - Unarmed
rCold    . . .     Gourm    .   (no shield)
rNeg     . . .     Faith    .   (helmet restricted)
rPois    .         Spirit   .   (no amulet)
rElec    .         Reflect  .   (no ring)
rCorr    .         Harm     .   (no ring)
MR       .....                  (no ring)
Stlth    +++.......             (no ring)
HPRegen  0.13/turn              (no ring)
MPRegen  0.11/turn              (no ring)
                                (no ring)
                                (no ring)

@: lethally poisoned (0 -> -1), very slightly contaminated
A: almost no armour, stealthy swim, amphibious, 8 rings, constrict 8, camouflage
1, gelatinous body 1
a: no special abilities


You were on level 5 of the Dungeon.
You were near starving.

You visited 1 branch of the dungeon, and saw 5 of its levels.

You collected 159 gold pieces.

Inventory:

Hand Weapons
 k - a +0 hunting sling
Missiles
 a - 61 arrows
 l - 103 stones (quivered)
 q - 4 poisoned darts
Jewellery
 h - an uncursed ring of protection from cold {unknown}
Wands
 s - a wand of flame (6)
Scrolls
 d - a scroll of fear {unknown}
 f - a scroll of enchant weapon {unknown}
 g - 6 scrolls of fog {unknown}
 i - a scroll of remove curse {unknown}
 n - a scroll of identify {unknown}
 r - 2 scrolls of amnesia {unknown}
Potions
 b - 2 potions of brilliance {unknown}
 e - 2 potions of curing {unknown}
 j - 3 potions of haste {unknown}
 m - a potion of flight {unknown}
 o - a potion of stabbing {unknown}
 p - a potion of ambrosia {unknown}
 t - a potion of mutation {unknown}
 u - a potion of might {unknown}
Comestibles
 c - 8 rations


   Skills:
 + Level 2.3 Fighting
 - Level 3.0 Dodging
 - Level 3.0 Stealth
 + Level 5.1 Unarmed Combat
 + Level 2.2 Spellcasting
 + Level 3.2 Transmutations
 - Level 2.0 Poison Magic


You had 3 spell levels left.
You knew the following spells:

 Your Spells              Type           Power        Failure   Level  Hunger
a - Beastly Appendage     Tmut           ##....       6%          1    #......
b - Sticks to Snakes      Tmut           ##......     9%          2    ###....
c - Spider Form           Tmut/Pois      #.........   22%         3    ###....

Your spell library contained the following spells:

 Spells                   Type           Power        Failure   Level  Hunger
 Freeze                   Ice            #...         22%         1    #......
 Frozen Ramparts          Ice            #.....       54%         3    ###....
 Ozocubu's Armour         Chrm/Ice       #.......     54%         3    ###....
 Ice Form                 Ice/Tmut       #.......     73%         4    #####..
 Blade Hands              Tmut           ##........   85%         5    ######.
 Hailstorm                Conj/Ice       #.......     91%         4    #####..
 Summon Ice Beast         Ice/Summ       #.......     91%         4    #####..


Dungeon Overview and Level Annotations

Branches:
Dungeon (5/15)
 Temple: D:4-7

Altars:
Uskayaw
Zin

Annotations:
D:4 Grinder
D:5 Eustachio


Innate Abilities, Weirdness & Mutations

You cannot wear most types of armour.
You are very stealthy in the water. (Stealth+)
You are amphibious.
You can wear up to eight rings at the same time.
You can use your tentacles to constrict eight enemies at once.
Your skin changes colour to match your surroundings (Stealth+).
Your rubbery body absorbs attacks. (AC +1, EV +1)


Message History

You tentacle-slap the phantom.
The phantom is lightly damaged.
The phantom hits you.
* * * LOW HITPOINT WARNING * * *
You tentacle-slap the phantom but do no damage.
The phantom hits you.
* * * LOW HITPOINT WARNING * * *
The phantom hits you.
* * * LOW HITPOINT WARNING * * *
You tentacle-slap the phantom but do no damage.
You tentacle-slap the phantom. Your squeeze misses the phantom.
The phantom is lightly damaged.
The phantom hits you.
* * * LOW HITPOINT WARNING * * *
The phantom hits you.
* * * LOW HITPOINT WARNING * * *
You closely miss the phantom.
* * * LOW HITPOINT WARNING * * *
You feel sick. The phantom misses you. The phantom hits you.
You die...

#### #...
....@. #..#
.....# #..#
#....# #..####
....###
#.....##.......
#...........#
#.###.##..#.
#.....@W..#
#.###W##.## #.
#.# .# #W #.#
.# .. #.# .#
#.# .. #.# ##
..#


You could see 2 phantoms.

Vanquished Creatures
  A hound (D:4)
  2 orc priests (D:3)
  Natasha (thrice) (D:3)
  Terence (D:3)
  2 orc wizards
  3 gnolls (D:3)
  2 adders
  An adder skeleton (D:4)
  2 worms
  8 dart slugs
  2 leopard geckos
  14 orcs
  3 giant cockroaches
  7 goblins
  2 hobgoblins (D:1)
  5 jackals
  2 ball pythons
  7 bats
  8 frilled lizards
  A giant cockroach zombie (D:5)
  6 kobolds
  A quokka zombie (D:5)
  4 rats
87 creatures vanquished.

Vanquished Creatures (others)
  3 orc wizards (D:3)
  An adder (D:3)
  3 orcs (D:3)
  2 giant cockroaches (D:3)
9 creatures vanquished.

Grand Total: 96 creatures vanquished

Notes
Turn   | Place    | Note
-------+----------+-------------------------------------------
     0 | D:1      | Nixze the Octopode Transmuter began the quest for the Orb.
     0 | D:1      | Reached XP level 1. HP: 13/13 MP: 3/3
   101 | D:1      | Reached XP level 2. HP: 18/18 MP: 3/5
   733 | D:1      | Reached XP level 3. HP: 20/23 MP: 6/6
  1216 | D:2      | Reached skill level 1 in Stealth
  1438 | D:2      | Learned a level 2 spell: Sticks to Snakes
  1442 | D:2      | Learned a level 3 spell: Spider Form
  1473 | D:2      | Found a hide-covered altar of Uskayaw.
  1883 | D:2      | Reached skill level 1 in Poison Magic
  2032 | D:2      | Reached XP level 4. HP: 29/29 MP: 5/7
  2354 | D:2      | Found a glowing silver altar of Zin.
  3029 | D:3      | Reached XP level 5. HP: 34/34 MP: 6/8
  3052 | D:3      | Reached skill level 4 in Unarmed Combat
  3084 | D:3      | Noticed Natasha
  3099 | D:3      | Killed Natasha
  3156 | D:3      | Noticed Natasha
  3381 | D:3      | Killed Natasha
  3381 | D:3      | Reached XP level 6. HP: 30/39 MP: 7/9
  3456 | D:3      | Noticed Natasha
  3457 | D:3      | You fall into a shaft and drop 2 floors!
  3457 | D:5      | Entered Level 5 of the Dungeon
  3576 | D:3      | Killed Natasha
  4102 | D:3      | Noticed Terence
  4115 | D:3      | Killed Terence
  4466 | D:3      | Reached skill level 5 in Unarmed Combat
  4899 | D:4      | Noticed a phantom
  5398 | D:4      | Noticed Grinder
  6212 | D:5      | Noticed Eustachio
  6217 | D:5      | Noticed a phantom
  6232 | D:5      | HP: 1/39 [poisoned by miscasting Spider Form]
  6232 | D:5      | Slain by a phantom

Illustrated notes

Levels and vault maps discovered:
D:1:      zelgadis_glass_arrival_small, layout_basic
D:2:      cheibrodos_helix_gallery, layout_basic, zin_academy,
          lemuel_round_altar, first_ration
D:3:      layout_rooms, lemuel_old_faithful, uniq_natasha, uniq_terence
D:4:      layout_loops_ring, nicolae_ru_the_path_less_chosen, uniq_grinder
D:5:      layout_loops_ring, uniq_menkaure, uniq_eustachio

Skill      XL: |  1  2  3  4  5  6 |
---------------+-------------------+-----
Stealth        | 1 2 3 |  3.0
Poison Magic   | 1 2 |  2.0
Fighting       | 2 |  2.3
Unarmed Combat | 4 5 |  5.1
Dodging        | 3 |  3.0
Transmutations | 3 |  3.2
Spellcasting   | |  2.2

Action                   |  1- 3 |  4- 6 || total
-------------------------+-------+-------++-------
Melee: Unarmed           |    67 |   153 ||   220
       Constrict         |    21 |    37 ||    58
       Tentacles         |    11 |    29 ||    40
       Kick              |    13 |    36 ||    49
       Club              |     2 |       ||     2
       Punch             |     1 |     5 ||     6
 Cast: Beastly Appendage |    22 |    27 ||    49
       Spider Form       |     1 |     2 ||     3
       Sticks to Snakes  |       |     3 ||     3
 Stab: Sleeping          |     3 |     4 ||     7
       Distracted        |     1 |       ||     1
  Eat: Chunk             |     3 |    10 ||    13
       Ration            |       |     1 ||     1
Armor: Skin              |     9 |     4 ||    13
Dodge: Dodged            |    41 |    68 ||   109

Table legend:
 A = Non-vault XP
 B = Vault XP
 C = Vault XP percentage of total XP
 D = Non-vault monster count
 E = Vault monster count
 F = Vault count percentage of total count
                 A         B        C        D         E       F
            +---------+---------+-------+---------+---------+-------
      Total |     488 |      77 |  13.6 |      83 |       4 |   4.6
            +---------+---------+-------+---------+---------+-------
        D:1 |      38 |       0 |   0.0 |      20 |       0 |   0.0
        D:2 |      43 |       5 |  10.4 |      17 |       2 |  10.5
        D:3 |     297 |      72 |  19.5 |      33 |       2 |   5.7
        D:4 |     108 |       0 |   0.0 |      11 |       0 |   0.0
        D:5 |       2 |       0 |   0.0 |       2 |       0 |   0.0
            +---------+---------+-------+---------+---------+-------
